Map: Ephemeron LE

Players

Plum

  • Race: Zerg Zerg
  • League: Gold
  • Spawn Location: 11:00

Foulgrin - Winner!

  • Race: Terran Terran
  • Spawn Location: 5:00

VOD

Have the link to the VOD?

Description

TvZ Terran Win

Time

  • Played on: March 6, 2020, 1:48 p.m.
  • Length: 16:34
Show
View Real Time Build Order
Export as new Build Order

Plum Zerg 

Build Orders: Hatch First 

Get SALT Encoding   

  12  0:03  Drone  
  13  0:13  Overlord  
  13  0:17  Drone  
  14  0:31  Drone x2  
  16  0:43  Drone  
  17  1:03  Hatchery  
  16  1:05  Drone  
  16  1:08  Extractor  
  16  1:09  Drone  
  17  1:16  Spawning Pool  
  16  1:19  Drone  
  16  1:23  Drone  
  18  1:36  Drone  
  19  1:42  Overlord  
  19  1:55  Drone  
  20  2:06  Drone  
  20  2:07  Queen  
  23  2:15  Zergling x2  
  24  2:19  Drone  
  25  2:23  Overlord  
  25  2:31  Drone  
  25  2:33  Queen  
  25  2:36  Drone  
  30  2:44  Drone  
  30  2:59  Drone x3  
  30  3:00  Drone  
  30  3:05  Metabolic Boost  
  34  3:08  Drone  
  35  3:13  Drone  
  35  3:17  Overlord  
  35  3:34  Queen x2  
  35  3:37  Drone x4  
  35  3:40  Overlord x2  
  43  4:01  Drone x5  
  48  4:08  Spore Crawler  
  47  4:13  Spore Crawler  
  47  4:16  Roach Warren  
  45  4:20  Evolution Chamber  
  45  4:23  Drone  
  45  4:24  Drone x5  
  50  4:25  Extractor  
  50  4:27  Extractor  
  50  4:29  Extractor  
  50  4:30  Lair  
  47  4:41  Zergling x10  
  52  4:48  Drone  
  52  4:49  Hatchery  
  52  4:50  Overlord  
  52  5:02  Drone  
  52  5:03  Drone  
  54  5:25  Drone  
  54  5:26  Drone x5  
  60  5:35  Overlord  
  60  5:41  Glial Reconstitution  
  60  5:43  Zerg Melee Weapons Level 1  
  60  5:48  Evolution Chamber  
  59  5:51  Hydralisk Den  
  59  5:52  Roach x4  
  66  6:02  Drone x4  
  70  6:05  Drone x2  
  72  6:31  Drone x2  
  72  6:32  Drone x6  
  80  6:45  Hatchery  
  79  6:52  Extractor  
  79  6:53  Drone x2  
  79  6:54  Drone x2, Extractor  
  81  6:56  Overlord x3  
  81  7:03  Zerg Ground Armor Level 1  
  81  7:06  Muscular Augments  
  81  7:23  Drone x14  
  81  7:26  Drone  
  96  7:48  Drone  
  96  7:50  Drone x3  
  96  7:51  Drone  
  101  7:55  Hydralisk x2  
  101  7:56  Hydralisk x3  
  101  7:58  Overlord x4  
  111  8:14  Overlord  
  111  8:15  Overlord x4  
  111  8:18  Zerg Melee Weapons Level 2  
  111  8:24  Infestation Pit  
  110  8:33  Extractor  
  110  8:34  Hydralisk x8, Extractor  
  124  8:50  Hydralisk x5  
  136  8:55  Roach  
  136  8:56  Roach x7  
  136  8:57  Overlord x2  
  136  8:58  Overlord  
  150  9:07  Zerg Ground Armor Level 2  
  150  9:09  Hive  
  150  9:33  Roach  
  150  9:34  Roach x15  
  182  9:39  Ravager x4  
  182  9:40  Ravager x3  
  189  10:01  Hydralisk x5  
  189  10:05  Hatchery  
  198  10:57  Hatchery  
  190  11:18  Zerg Melee Weapons Level 3  
  172  11:30  Roach x8  
  172  11:31  Roach x17  
  175  11:46  Hydralisk x12  
  165  12:16  Hydralisk x14  
  127  12:48  Hydralisk x2  
  127  12:49  Hydralisk x12  
  139  13:02  Hydralisk x7  
  117  13:33  Hydralisk x6  
  117  13:34  Hydralisk x6  
  125  13:59  Roach x6  
  125  14:00  Roach x5  
  147  14:10  Drone x4  
  151  14:32  Drone x8  
  159  14:47  Roach x4  
  167  14:56  Roach x6  
  167  14:57  Roach x4  
  187  15:03  Drone x4  
  191  15:14  Hatchery  
  160  15:21  Roach x3  
  160  15:22  Roach x7  
  132  15:40  Roach x8  
  144  15:48  Ravager x2  
  144  15:49  Ravager x3  
  149  15:52  Roach x4  
  153  16:08  Roach x5  
Show
View Real Time Build Order
Export as new Build Order

Foulgrin Terran - Winner!

Build Orders:  

Get SALT Encoding   

  12  0:01  SCV  
  13  0:13  SCV  
  14  0:19  Supply Depot  
  14  0:25  SCV  
  15  0:40  SCV  
  15  0:41  Barracks  
  16  0:52  Refinery  
  16  0:53  SCV  
  17  1:05  SCV  
  18  1:19  SCV  
  19  1:29  Marine  
  21  1:33  Orbital Command  
  21  1:35  Supply Depot  
  20  1:49  Refinery  
  20  2:03  Barracks Reactor  
  20  2:04  Command Center  
  20  2:09  SCV  
  21  2:23  Bunker  
  21  2:26  SCV  
  22  2:38  SCV  
  22  2:42  Marine x2  
  25  2:50  SCV  
  26  2:56  Factory  
  26  3:08  Supply Depot  
  26  3:09  SCV  
  27  3:13  Marine  
  27  3:14  Marine  
  29  3:24  SCV  
  29  3:25  Orbital Command  
  29  3:36  SCV  
  30  3:41  Factory Tech Lab  
  30  3:43  Starport  
  30  3:51  Command Center  
  30  3:53  SCV  
  31  3:57  SCV  
  31  4:01  Supply Depot  
  32  4:03  Marine  
  32  4:05  Marine  
  34  4:10  SCV x2  
  36  4:21  Marine  
  36  4:22  SCV  
  37  4:25  Refinery  
  37  4:26  Refinery  
  37  4:28  Siege Tank  
  40  4:32  Starport Reactor  
  40  4:36  SCV  
  40  4:37  SCV  
  42  4:43  Supply Depot  
  42  4:46  Marine  
  42  4:47  Marine  
  42  4:48  SCV  
  42  4:49  SCV  
  46  5:00  SCV  
  46  5:01  SCV  
  46  5:04  Marine, Siege Tank  
  46  5:05  Marine  
  53  5:17  SCV x2  
  55  5:22  Marine  
  55  5:23  Marine  
  55  5:25  Orbital Command  
  57  5:28  Supply Depot  
  57  5:34  Engineering Bay  
  57  5:36  Siege Tank  
  57  5:39  SCV  
  57  5:40  SCV  
  57  5:42  Barracks  
  62  5:43  Marine  
  62  5:44  Marine  
  62  5:49  Medivac  
  66  5:52  Orbital Command  
  66  6:04  Supply Depot  
  66  6:10  SCV x2, Missile Turret  
  68  6:16  Marine  
  69  6:19  Siege Tank  
  69  6:20  Medivac  
  69  6:22  SCV  
  69  6:23  Terran Infantry Weapons Level 1  
  75  6:32  Barracks  
  75  6:34  Barracks Tech Lab  
  75  6:37  Marine  
  76  6:41  SCV x2  
  76  6:43  SCV  
  76  6:46  Marine  
  80  6:51  Siege Tank  
  80  6:53  SCV, Medivac  
  80  6:54  SCV  
  87  6:56  SCV  
  87  6:57  Marine  
  87  7:00  Marauder  
  91  7:02  Stimpack  
  91  7:05  Marine  
  92  7:15  Marine  
  92  7:21  Marine  
  94  7:23  Siege Tank  
  94  7:25  Barracks Tech Lab  
  97  7:35  Factory, Armory  
  97  7:39  Marauder  
  97  7:41  Engineering Bay  
  97  7:42  SCV x2, Supply Depot  
  101  7:45  Supply Depot  
  101  8:01  Refinery, Combat Shield  
  101  8:03  Marine  
  101  8:04  Marauder, SCV x2, Siege Tank  
  101  8:05  Refinery  
  109  8:06  Medivac  
  109  8:09  Supply Depot  
  109  8:11  Supply Depot  
  109  8:12  Supply Depot  
  111  8:20  SCV  
  111  8:21  SCV  
  113  8:27  SCV  
  113  8:28  Missile Turret  
  113  8:30  Missile Turret  
  113  8:32  Missile Turret  
  114  8:38  Marauder x2  
  114  8:40  Thor  
  124  8:44  Factory Tech Lab  
  124  8:47  SCV x3  
  124  8:48  Marine x2  
  128  8:55  Supply Depot  
  129  8:56  Supply Depot  
  129  8:57  Terran Infantry Armor Level 1  
  129  9:00  Marauder x2  
  129  9:02  SCV  
  134  9:03  SCV x2  
  136  9:14  Marine, SCV  
  136  9:15  Marine  
  139  9:17  Thor  
  139  9:21  Marauder x2  
  139  9:23  Siege Tank  
  152  9:26  Medivac  
  152  9:29  Terran Infantry Weapons Level 2  
  152  9:31  Terran Vehicle Weapons Level 1  
  154  9:32  Marine  
  154  9:36  Armory  
  155  9:40  Supply Depot  
  155  9:42  Marauder, Marine, Supply Depot  
  155  9:44  Marauder  
  160  9:53  Medivac  
  160  9:54  Marine  
  160  9:59  Concussive Shells  
  163  10:02  Thor  
  163  10:04  Marauder  
  171  10:17  SCV x3  
  174  10:27  Command Center  
  174  10:29  Marine  
  174  10:30  Marauder, Command Center  
  177  10:38  Barracks  
  177  10:41  Barracks  
  177  10:49  Missile Turret  
  177  10:52  Supply Depot  
  177  10:54  Supply Depot  
  177  10:56  SCV x2  
  179  10:58  Marine  
  179  10:59  Marine  
  179  11:02  Terran Vehicle And Ship Armor Level 1  
  181  11:04  Terran Infantry Armor Level 2  
  181  11:11  Supply Depot  
  181  11:14  Marauder x2  
  181  11:16  Marine  
  181  11:17  Marine  
  187  11:19  Thor  
  187  11:25  Siege Tank  
  196  11:27  Marine  
  194  11:35  Marauder x2  
  185  11:44  Marine x3  
  185  11:45  Marine  
  189  11:48  Orbital Command  
  189  11:56  Marauder x2  
  193  12:02  Marine  
  177  12:18  Marauder x2  
  177  12:20  Marine x2  
  177  12:21  Marine x2  
  131  12:38  Marine x3  
  131  12:39  Marauder x2, Marine  
  131  12:43  Orbital Command  
  127  12:51  Siege Tank  
  127  12:52  Thor  
  127  12:56  Marine x4, Medivac  
  133  13:01  Marauder x2  
  137  13:14  Marine  
  138  13:22  Marauder x2, Marine x3  
  138  13:23  Siege Tank  
  145  13:31  Terran Infantry Weapons Level 3  
  145  13:32  Marine  
  145  13:33  Terran Infantry Armor Level 3  
  124  13:34  Thor  
  124  13:39  Marine  
  124  13:40  Marine  
  126  13:43  Marauder x2  
  130  13:52  Marine, SCV  
  130  13:53  Marine  
  128  13:55  Siege Tank  
  128  13:57  Marine  
  128  13:58  Marine  
  130  14:05  Marauder x2, Missile Turret  
  130  14:08  Missile Turret  
  134  14:13  Marine x2  
  136  14:17  Siege Tank  
  136  14:21  Marine x2  
  141  14:26  Marauder x2  
  141  14:27  Thor  
  141  14:31  Marine x2, Orbital Command  
  152  14:37  SCV x2  
  155  14:39  Marine x2  
  155  14:45  SCV  
  158  14:47  Marauder  
  158  14:48  Marauder, Marine  
  158  14:49  Reaper  
  158  14:50  Siege Tank  
  167  14:55  Medivac x2  
  167  14:57  Marine x2  
  173  15:03  SCV x3  
  173  15:06  Marine  
  177  15:09  Marauder x2  
  177  15:10  Thor  
  175  15:21  Thor  
  175  15:25  Medivac  
  180  15:30  Marauder x2  
  180  15:31  Marine  
  180  15:32  Marine x3  
  170  15:49  Marine  
  171  15:50  Marine x3  
  171  15:52  Marauder x2  
  171  15:53  Siege Tank  
  181  16:07  Marine x2  
  181  16:08  Marine x2  
Tags
 
League
Gold
Matchup
TvZ
Spawn Locations
Cross Positions
Add a new tag
Caveats
  • Supply blocks, unpowered buildings, or Contaminate may cause inaccurate times.
  • Supply counts are checked every 10 seconds.